 Dungeon Crawl Stone Soup version 0.25-b1-46-gb8a1ec05df (webtiles) character file.

Game seed: 13833060913094348519

211092 Dirian the Fencer (level 17, -9/158 HPs)
             Began as a Minotaur Fighter on June 9, 2020.
             Was the Champion of Jiyva.
             Mangled by a hell knight
             ... wielding a +0 war axe of flaming
              (10 damage)
             ... on level 1 of the Vaults.
             The game lasted 01:33:54 (41895 turns).

Dirian the Fencer (Minotaur Fighter)               Turns: 41895, Time: 01:33:54

Health: -9/158     AC: 21    Str: 28    XL:     17   Next: 73%
Magic:  0/18       EV:  9    Int: 10    God:    Jiyva [******]
Gold:   4028       SH: 21    Dex: 10    Spells: 16/16 levels left

rFire    + + +     SeeInvis +   C - +9 scimitar (elec)
rCold    + + .     Gourm    .   c - +1 kite shield
rNeg     . . .     Faith    .   J - +0 plate armour
rPois    .         Spirit   +   (helmet restricted)
rElec    .         Reflect  .   M - +0 cloak {rCorr}
rCorr    +         Harm     .   o - +2 pair of gloves
MR       +....                  N - +0 pair of boots
Stlth    ..........             V - amulet of Xinos {Spirit rF+ MP-9 Dex+3 SInv}
HPRegen  0.36/turn              y - ring of protection from cold
MPRegen  0.16/turn              W - ring of protection from fire

@: marked, very slightly contaminated, studying Armour, invisible
A: retaliatory headbutt, horns 2, large bone plates 1, molten scales 1, blink,
clever 1, cold resistance 1, fire resistance 1, high mp 1, acidic bite,
pseudopods 1, translucent skin 2, evolution 1, jelly absorbing missiles, sturdy
frame 1
}: 2/15 runes: slimy, gossamer
a: Blink, Request Jelly, Slimify, Cure Bad Mutation, Renounce Religion


You were on level 1 of the Vaults.
You worshipped Jiyva.
Jiyva was exalted by your worship.
You were completely stuffed.

You visited 7 branches of the dungeon, and saw 34 of its levels.
You also visited: Sewer, Ossuary and Gauntlet.

You collected 5517 gold pieces.
You spent 1489 gold pieces at shops.

Inventory:

Hand Weapons
 g - a +3 scimitar of flaming
 C - a +9 scimitar of electrocution (weapon)
 F - a +7 vorpal scimitar
Armour
 a - a +0 tower shield
 c - a +1 kite shield (worn)
 o - a +2 pair of gloves (worn)
 J - a +0 plate armour (worn)
 M - a +0 cloak of preservation (worn)
 N - a +0 pair of boots (worn)
 X - +0 fire dragon scales
Jewellery
 p - the amulet of Fanaticism {+Blink rF+ Regen+}
   (You found it on level 1 of the Orcish Mines)

   [amulet of regeneration]

   It protects you from fire.
   It lets you blink.
   It increases your rate of regeneration.
 u - the ring of Broken Luck {Ice Str+3 Int+4}
   (You found it in a Gauntlet)

   [ring of ice]

   It enhances your ice magic.
   It affects your strength (+3).
   It affects your intelligence (+4).
   It makes you vulnerable to fire.
   It protects you from cold.
 y - a ring of protection from cold (left hand)
 D - an uncursed amulet of reflection
 I - an uncursed ring of protection from magic
 O - an uncursed ring of positive energy
 Q - the amulet of Vom Zop {Acrobat rPois}
   (You found it in a Gauntlet)

   [amulet of the acrobat]

   It helps you evade while moving and waiting.
   It protects you from poison.
 R - the ring "Ythreeczy" {+Fly rF+ rC- Stlth+}
   (You found it in a Gauntlet)

   [ring of protection from fire]

   It protects you from fire.
   It makes you vulnerable to cold.
   It lets you fly.
   It makes you more stealthy.
 V - the amulet of Xinos (around neck) {Spirit rF+ MP-9 Dex+3 SInv}
   (You found it on level 5 of the Pits of Slime)

   [amulet of guardian spirit]

   It causes incoming damage to be split between your health and magic.
   It affects your dexterity (+3).
   It protects you from fire.
   It affects your magic capacity (-9).
   It lets you see invisible.
 W - a ring of protection from fire (right hand)
 Y - the cursed ring of Midsummer {rF+ AC-4 Str+2 Int+4 Dex+2}
   (You found it on level 5 of the Pits of Slime)

   [ring of protection]

   It affects your AC (-4).
   It affects your strength (+2).
   It affects your intelligence (+4).
   It affects your dexterity (+2).
   It protects you from fire.
   It has a curse placed upon it.
Wands
 b - a wand of acid (10)
 j - a wand of polymorph (11)
 k - a wand of flame (47)
 l - a wand of disintegration (44)
 H - a wand of iceblast (22)
 L - a wand of paralysis (12)
 S - a wand of clouds (5)
Scrolls
 i - 4 scrolls of magic mapping
 r - 6 scrolls of identify
 t - 8 scrolls of teleportation
 x - 7 scrolls of remove curse
 z - 3 scrolls of blinking
 E - a scroll of immolation
 K - 8 scrolls of enchant armour
 U - a scroll of holy word
Potions
 f - 3 potions of invisibility
 h - 7 potions of haste
 m - 9 potions of brilliance
 n - a potion of resistance
 q - 8 potions of curing
 s - 2 potions of cancellation
 v - 4 potions of flight
 A - 5 potions of lignification
 P - 2 potions of magic
Books
 T - a manual of Armour
Comestibles
 e - 32 rations


   Skills:
 + Level 15.8 Fighting
   Level 0.3(12.2) Short Blades
 + Level 19.4 Long Blades
 + Level 16.5 Armour
 + Level 19.2 Shields
 * Level 11.9 Evocations


You had 16 spell levels left.
You didn't know any spells.
Your spell library contained the following spells:

 Spells                   Type           Power        Failure   Level  Hunger
 Animate Skeleton         Necr           N/A          82%         1    ##.....
 Apportation              Tloc           #.....       82%         1    ##.....
 Beastly Appendage        Tmut           #.....       82%         1    ##.....
 Corona                   Hex            #......      82%         1    ##.....
 Freeze                   Ice            #...         82%         1    ##.....
 Infusion                 Chrm           #...         82%         1    ##.....
 Magic Dart               Conj           #...         82%         1    ##.....
 Summon Small Mammal      Summ           #...         82%         1    ##.....
 Ensorcelled Hibernation  Hex/Ice        #.....       91%         2    ###....
 Searing Ray              Conj           #.....       91%         2    ###....
 Shroud of Golubria       Chrm/Tloc      #.....       91%         2    ###....
 Song of Slaying          Chrm           #.......     91%         2    ###....
 Confusing Touch          Hex            #.......     99%         3    ####...
 Dazzling Flash           Conj/Hex       #.....       99%         3    ####...
 Frozen Ramparts          Ice            #.....       99%         3    ####...
 Ozocubu's Armour         Chrm/Ice       #.......     99%         3    ####...
 Spectral Weapon          Hex/Chrm       #.......     99%         3    ####...
 Tukima's Dance           Hex            #.......     99%         3    ####...
 Cause Fear               Hex            #.........   100%        4    #####..
 Fulminant Prism          Conj/Hex       #.........   100%        4    #####..
 Hailstorm                Conj/Ice       #.......     100%        4    #####..
 Iskenderun's Mystic Bla  Conj/Tloc      #.......     100%        4    #####..
 Leda's Liquefaction      Hex/Erth       #.........   100%        4    #####..
 Summon Ice Beast         Ice/Summ       #.......     100%        4    #####..
 Silence                  Hex/Air        #.........   100%        5    ######.
 Yara's Violent Unravell  Hex/Tmut       #.........   100%        5    ######.
 Darkness                 Hex            #.........   100%        6    #######
 Discord                  Hex            #.........   100%        8    #######


Dungeon Overview and Level Annotations

Branches:
Dungeon (15/15)            Temple (0/1) D:7            Lair (6/6) D:9
 Shoals (0/4) Lair:2       Spider (4/4) Lair:3        Slime (5/5) Lair:6
    Orc (2/2) D:10            Elf (0/3) Orc:2        Vaults (1/5) D:13
 Depths (1/5) D:15          Sewer (visited)         Ossuary (visited)
Gauntlet (visited)

Altars:
Ashenzari
Cheibriados
Dithmenos
Elyvilon
Gozag
Makhleb
Nemelex Xobeh
Okawaru
Ru
Uskayaw
Xom
Yredelemnul
Zin
The Shining One
Beogh
Jiyva

Shops:
D:5 *   D:14 ?   D:15 (   Orc:2 *??

Annotations:
Slime:5 Dissolution, Royal Jelly
Vaults:1 36 runed doors


Innate Abilities, Weirdness & Mutations

You reflexively headbutt those who attack you in melee.
You have a pair of horns on your head.
You are partially covered in large bone plates. (SH +4)
You are partially covered in molten scales. (AC +2)
You can translocate small distances at will.
Your mind is acute. (Int +2)
Your flesh is cold resistant. (rC+)
Your flesh is heat resistant. (rF+)
You have an increased reservoir of magic. (+10% MP)
You have acidic saliva.
Armour fits poorly on your pseudopods.
Your translucent skin reduces your foes' accuracy. (Stealth)
You evolve.
You have a small jelly attached to you that may absorb incoming projectiles.
Your movements are slightly less encumbered by armour. (ER -2)


Message History

* * * LOW HITPOINT WARNING * * *
x2 You block the vault sentinel's attack.
The hell knight hits you with a +4 vorpal war axe!
* * * LOW HITPOINT WARNING * * *
x2
Things that are here:
a datura-tipped dart; a bolt You fade into invisibility!
You feel better.
The vault sentinel gestures at you while chanting.
The mark upon you grows brighter. You block the hell knight's attack.
You hear a slurping noise.
You feel a little less hungry.
You feel your power returning.
You feel better.
You slash the hell knight!
Lightning courses through the hell knight!
You bludgeon the hell knight.
The hell knight is moderately wounded.
The hell knight hits you with a +4 vorpal war axe!
* * * LOW HITPOINT WARNING * * *
x2 The hell knight hits you with a +0 war axe of flaming!
You die...

###
######..###.####
#..'......#
#..#......#
#..#...J..#
#..#.∩....#
#..#.p....#
#..#..)...#
#..###p#######
#..##@p.....##
#..##......###
#.......#
#..##.....###.#
#.. #.......#
#..##....###..#
#.. #.......#
#..##...###...#
#.. #.......#
#..##..###....#
#.. #.......#
#..##.###..>..#
#.. #.......#
#..#####......#
#.. #.......#
#..####.......#
#..


You could see 2 hell knights and a neutral jelly (wandering) (fellow slime).

Vanquished Creatures
  Arachne (Spider:3)
  Jorgrun (D:12)
  Agnes (D:15)
  A ghost moth (Spider:4)
  A juggernaut zombie (D:15)
  An orc warlord (Orc:1)
  3 vault wardens (Vaults:1)
  6 emperor scorpions
  Aizul (Spider:3)
  3 ironheart preservers (Vaults:1)
  3 entropy weavers
  2 dire elephants (Lair:2)
  A deep elf demonologist (Vaults:1)
  The ghost of p0werm0de the Cleaver, a journeyman DDFi of Makhleb (Orc:1)
  A minotaur (Gauntlet)
  3 spark wasps (Spider:4)
  A deep elf death mage (Vaults:1)
  Snorg (Lair:6)
  A fire dragon (Lair:6)
  Harold (D:8)
  Josephine (D:10)
  7 hydras
  A rakshasa (Vaults:1)
  3 centaur warriors
  5 two-headed ogres
  Erica (Lair:1)
  2 dancing weapons (D:13)
  8 death yaks
  8 death scarabs (Spider:4)
  A deep troll shaman (Vaults:1)
  2 ogre magi (Vaults:1)
  A queen ant (Lair:4)
  A deep troll earth mage (Vaults:1)
  Nergalle (D:11)
  5 hell knights (Vaults:1)
  An orc high priest (Orc:2)
  7 skeletal warriors
  An unseen horror (D:13)
  A wizard (Vaults:1)
  2 deep trolls (Vaults:1)
  2 flayed ghosts
  An obsidian statue (Gauntlet)
  2 spectral wolf spiders (Spider:4)
  A lindwurm (Lair:6)
  A sphinx zombie (D:15)
  2 orc knights
  2 wolf spider zombies (Spider:4)
  4 ironbrand convokers (Vaults:1)
  A necromancer (D:15)
  7 orb spiders
  2 manticores
  5 orc sorcerers
  3 oklob plants
  2 deep elf magi
  21 wolf spiders
  2 cyclopes
  6 moths of wrath
  12 ugly things
  8 elephants
  An iron dragon skeleton (D:15)
  3 black mambas
  6 rime drakes
  7 torpor snails
  3 gargoyles
  7 spiny frogs
  2 efreet
  9 komodo dragons
  4 spectral redbacks (Spider:4)
  A redback zombie (Spider:4)
  11 yaktaurs
  10 demonic crawlers
  A yaktaur skeleton (D:15)
  A tengu conjurer (D:15)
  33 jumping spiders
  2 spectral tarantellas (Spider:4)
  13 hornets
  3 meliai (Spider:2)
  Grinder (D:6)
  8 tyrant leeches
  3 blink frogs (Lair:6)
  8 trolls
  A wolf spider simulacrum (D:15)
  A wind drake (shapeshifter) (D:14)
  2 spectral jumping spiders (Spider:4)
  2 jumping spider zombies (Spider:4)
  18 hippogriffs
  6 shadows
  A centaur simulacrum (D:15)
  15 tarantellas
  62 redbacks
  A spriggan (D:8)
  9 wyverns
  4 wraiths
  3 vampires
  Grum (D:8)
  6 basilisks
  64 yaks
  2 vampire mosquitoes (D:14)
  2 chaos spawn (Gauntlet)
  3 hungry ghosts
  A neqoxec (Gauntlet)
  Menkaure (Ossuary)
  A harpy simulacrum (D:15)
  22 soldier ants
  7 wargs
  2 acid dragons (Vaults:1)
  9 water moccasins
  3 spectral hornets (Spider:4)
  27 orc warriors
  9 porcupines
  3 phantoms
  An ettin simulacrum (Vaults:1)
  A necrophage (D:11)
  4 sky beasts
  3 black bears
  3 ice beasts
  15 ogres
  3 boggarts (Vaults:1)
  7 centaurs
  12 wolves
  12 crocodiles
  6 big kobolds
  12 bullfrogs
  4 earth elementals (Spider:3)
  A gnoll sergeant (D:13)
  A wyvern zombie (D:8)
  2 wyvern skeletons
  5 scorpions
  8 killer bees
  14 wights
  6 howler monkeys
  An electric eel (Lair:2)
  7 crimson imps
  6 centaur zombies
  A quasit (D:10)
  2 bullfrog zombies
  3 centaur skeletons
  5 hounds
  Crazy Yiuf (D:2)
  32 orc wizards
  20 orc priests
  A bullfrog skeleton (D:12)
  2 jellies
  7 iguanas
  25 worker ants
  A killer bee zombie (D:9)
  2 ogre zombies (Ossuary)
  2 hound zombies
  7 mummies
  4 worker ant zombies
  Robin (D:3)
  15 gnolls
  8 adders
  A river rat (D:6)
  4 shadow imps
  7 adder zombies
  An adder skeleton (D:8)
  A worm (D:2)
  2 dart slugs (D:1)
  7 leopard geckos
  81 orcs
  10 giant cockroaches
  21 goblins
  9 hobgoblins
  7 jackals
  19 kobolds
  A quokka (D:8)
  3 ball pythons
  9 bats
  3 frilled lizards
  3 goblin zombies
  3 hobgoblin zombies
  5 kobold zombies (Ossuary)
  9 quokka zombies
  14 rats
  3 rat zombies (Ossuary)
  A fungus (Lair:2)
  3 plants
1102 creatures vanquished.

Vanquished Creatures (collateral kills)
  Roxanne (Spider:2)
  A wolf spider (Spider:2)
  An orb spider (Spider:3)
  A jumping spider (Spider:2)
  A redback (Spider:2)
5 creatures vanquished.

Vanquished Creatures (others)
  An acid blob (Vaults:1)
  A vault warden (Vaults:1)
  A great orb of eyes (Vaults:1)
  A vault guard (Vaults:1)
  An unseen horror (Vaults:1)
  2 orb spiders
  An orc sorcerer (Orc:2)
  A yaktaur (Vaults:1)
  A troll (Vaults:1)
  7 slime creatures
  A wyvern (Lair:2)
  A tarantella (Spider:2)
  A redback (Spider:4)
  5 orc warriors
  An eye of draining (D:13)
  2 boggarts (Vaults:1)
  2 ogres
  149 jellies
  A howler monkey (D:10)
  A quasit (D:12)
  A hound (D:12)
  3 orc priests (Orc:2)
  13 orc wizards
  2 worker ants
  A gnoll (Orc:1)
  15 orcs
  2 jackals (D:11)
  14 fungi
  8 plants
  7 toadstools (Lair:2)
  9 withered plants
256 creatures vanquished.

Grand Total: 1363 creatures vanquished

Notes
Turn   | Place    | Note
-------+----------+-------------------------------------------
     0 | D:1      | Dirian the Minotaur Fighter began the quest for the Orb.
     0 | D:1      | Reached XP level 1. HP: 19/19 MP: 0/0
    96 | D:1      | Reached XP level 2. HP: 27/27 MP: 1/1
   847 | D:2      | Reached XP level 3. HP: 31/33 MP: 2/2
   921 | D:2      | Found a transporter.
   956 | D:2      | Found a transporter.
   960 | D:2      | Noticed a black bear
   967 | D:2      | Found a snail-covered altar of Cheibriados.
  1034 | D:2      | Found a glowing golden altar of the Shining One.
  1379 | D:2      | Reached XP level 4. HP: 16/40 MP: 3/3
  1924 | D:2      | Found a runed translucent door.
  1925 | D:2      | Noticed Crazy Yiuf
  2297 | D:2      | Killed Crazy Yiuf
  2481 | D:2      | Reached XP level 5. HP: 41/47 MP: 4/4
  2485 | D:2      | Killed a black bear
  2485 | D:2      | Reached skill level 5 in Long Blades
  2656 | D:3      | Found an opulent altar of Gozag.
  2684 | D:3      | Reached skill level 5 in Armour
  2687 | D:3      | Reached XP level 6. HP: 46/53 MP: 5/5
  3038 | D:3      | Found a white marble altar of Elyvilon.
  3198 | D:3      | Found a glowing silver altar of Zin.
  3199 | D:3      | Found a basalt altar of Yredelemnul.
  3199 | D:3      | Found an iron altar of Okawaru.
  3638 | D:3      | Noticed Robin
  3705 | D:3      | Killed Robin
  4506 | D:4      | Reached skill level 5 in Shields
  4594 | D:4      | Reached XP level 7. HP: 50/60 MP: 6/6
  4800 | D:4      | Found a shattered altar of Ashenzari.
  4984 | D:4      | Found a burning altar of Makhleb.
  5314 | D:5      | Entered Level 5 of the Dungeon
  5331 | D:5      | Reached skill level 5 in Fighting
  5716 | D:5      | Found a shimmering altar of Xom.
  5970 | D:5      | Found Dyefepp's General Store.
  5973 | D:5      | Bought a scroll of identify for 26 gold pieces
  6133 | D:6      | Reached XP level 8. HP: 68/68 MP: 7/7
  6157 | D:6      | Noticed Grinder
  6171 | D:6      | Killed Grinder
  6304 | D:6      | Found a glowing drain.
  6308 | Sewer    | Entered a sewer
  6544 | Sewer    | Reached skill level 10 in Long Blades
  7024 | D:6      | Found a sparkling altar of Nemelex Xobeh.
  7316 | D:6      | Reached XP level 9. HP: 56/75 MP: 8/8
  7953 | D:7      | Found a sand-covered staircase.
  7960 | Ossuary  | Entered an ossuary
  8167 | Ossuary  | Noticed Menkaure
  8174 | Ossuary  | Killed Menkaure
  8653 | D:7      | Found a staircase to the Ecumenical Temple.
  9216 | D:7      | Found a sacrificial altar of Ru.
  9216 | D:7      | Found an opulent altar of Gozag.
  9295 | D:8      | Found a hide-covered altar of Uskayaw.
  9571 | D:8      | Noticed Harold
  9597 | D:8      | Killed Harold
  9597 | D:8      | Reached XP level 10. HP: 71/86 MP: 9/9
  9772 | D:8      | Noticed Grum
  9792 | D:8      | Killed Grum
 10413 | D:9      | Found a staircase to the Lair.
 11258 | Lair:1   | Entered Level 1 of the Lair of Beasts
 11575 | Lair:1   | Reached skill level 10 in Shields
 11668 | Lair:1   | Noticed an oklob plant
 11668 | Lair:1   | Noticed an oklob plant
 11674 | Lair:1   | Killed an oklob plant
 11674 | Lair:1   | Reached XP level 11. HP: 94/94 MP: 10/10
 11683 | Lair:1   | Killed an oklob plant
 12012 | Lair:1   | Noticed a six-headed hydra
 12024 | Lair:1   | Killed a six-headed hydra
 13094 | Lair:2   | Noticed Erica
 13135 | Lair:1   | Killed Erica
 13605 | Lair:2   | Found a staircase to the Shoals.
 13856 | Lair:2   | Reached skill level 15 in Long Blades
 13891 | Lair:2   | Noticed a dire elephant
 13891 | Lair:2   | Noticed a dire elephant
 13911 | Lair:2   | Found a runed translucent door.
 14040 | Lair:2   | Reached skill level 10 in Armour
 14676 | Lair:3   | Found a hole to the Spider Nest.
 14717 | Lair:3   | Reached XP level 12. HP: 33/105 MP: 11/11
 14720 | Lair:3   | HP: 5/105 [komodo dragon (17)]
 15990 | Lair:4   | Noticed a death yak
 15991 | Lair:4   | Noticed a death yak
 15991 | Lair:4   | Noticed a death yak
 15992 | Lair:4   | Noticed a death yak
 16024 | Lair:4   | Killed a death yak
 16025 | Lair:4   | Killed a death yak
 16025 | Lair:4   | Reached skill level 10 in Fighting
 16031 | Lair:4   | Killed a death yak
 16040 | Lair:4   | Killed a death yak
 16658 | Lair:4   | Noticed a five-headed hydra
 17081 | Lair:4   | Killed a one-headed hydra
 17088 | Lair:4   | Reached XP level 13. HP: 104/115 MP: 12/12
 17563 | Lair:4   | Noticed an entropy weaver
 18038 | Lair:3   | Killed an entropy weaver
 18457 | Lair:4   | Noticed an entropy weaver
 18471 | Lair:4   | Killed an entropy weaver
 18988 | Lair:5   | Found a gate leading to a gauntlet.
 18998 | Gauntlet | Entered a Gauntlet
 18998 | Gauntlet | Found a transporter.
 18998 | Gauntlet | Found a transporter.
 19014 | Gauntlet | Found a transporter.
 19018 | Gauntlet | Found a transporter.
 19028 | Gauntlet | Found a transporter.
 19032 | Gauntlet | Found a transporter.
 19048 | Gauntlet | Found a transporter.
 19059 | Gauntlet | Found a large runed translucent door.
 19060 | Gauntlet | Found a large runed translucent door.
 19061 | Gauntlet | Found a large runed translucent door.
 19061 | Gauntlet | Found a large runed translucent door.
 19062 | Gauntlet | Found a runed translucent gate.
 19063 | Gauntlet | Found a transporter.
 19063 | Gauntlet | Found a runed translucent gate.
 19064 | Gauntlet | Found a runed translucent gate.
 19065 | Gauntlet | Found a large runed translucent door.
 19065 | Gauntlet | Found a large runed translucent door.
 19066 | Gauntlet | Found a large runed translucent door.
 19067 | Gauntlet | Found a large runed translucent door.
 19076 | Gauntlet | Found a large runed translucent door.
 19076 | Gauntlet | Found a large runed translucent door.
 19076 | Gauntlet | Found a runed translucent door.
 19076 | Gauntlet | Found a runed translucent door.
 19077 | Gauntlet | Found a large runed translucent door.
 19078 | Gauntlet | Found a large runed translucent door.
 19080 | Gauntlet | Found a transporter.
 19084 | Gauntlet | Found a transporter.
 19094 | Gauntlet | Found a transporter.
 19098 | Gauntlet | Found a transporter.
 19148 | Gauntlet | Found a large runed translucent door.
 19149 | Gauntlet | Found a large runed translucent door.
 19151 | Gauntlet | Found a large runed translucent door.
 19151 | Gauntlet | Found a large runed translucent door.
 19374 | Gauntlet | Got a translucent silver ring
 19376 | Gauntlet | Identified the ring of Broken Luck {Ice Str+3 Int+4} (You
                  | found it in a Gauntlet)
 19412 | Gauntlet | Got a slimy iron amulet
 19416 | Gauntlet | Identified the amulet of Vom Zop {Acrobat rPois} (You found
                  | it in a Gauntlet)
 19452 | Gauntlet | Got a heavily runed wooden ring
 19461 | Gauntlet | Identified the ring "Ythreeczy" {+Fly rF+ rC- Stlth+} (You
                  | found it in a Gauntlet)
 19596 | Gauntlet | Noticed a minotaur
 19613 | Gauntlet | Killed a minotaur
 20763 | Lair:6   | Entered Level 6 of the Lair of Beasts
 21521 | Lair:6   | Reached XP level 14. HP: 127/127 MP: 13/13
 21678 | Lair:6   | Reached skill level 15 in Shields
 21887 | Lair:6   | Found a viscous altar of Jiyva.
 21887 | Lair:6   | Found a staircase to the Slime Pits.
 21893 | Lair:6   | Became a worshipper of Jiyva Joonari the Shapeless
 21978 | Lair:6   | Reached * piety under Jiyva
 22222 | Lair:6   | Found a runed translucent door.
 22243 | Lair:6   | Noticed Snorg
 22270 | Lair:6   | Killed Snorg
 22498 | Lair:6   | Paralysed by a hornet for 2 turns
 24104 | D:10     | Entered Level 10 of the Dungeon
 24240 | D:10     | Reached ** piety under Jiyva
 24271 | D:10     | Reached *** piety under Jiyva
 24274 | D:10     | Found a roughly hewn altar of Beogh.
 24274 | D:10     | Found a staircase to the Orcish Mines.
 24276 | D:10     | Gained mutation: You have a small jelly attached to you
                  | that may absorb incoming projectiles. [Jiyva's grace]
 24276 | D:10     | Reached **** piety under Jiyva
 24540 | D:10     | Noticed Josephine
 24556 | D:10     | Killed Josephine
 24659 | D:10     | Gained mutation: You are clumsy. (Dex -2) [Jiyva's grace]
 25001 | Orc:1    | Entered Level 1 of the Orcish Mines
 25076 | Orc:1    | Reached ***** piety under Jiyva
 25139 | Orc:1    | Noticed an orc warlord
 25172 | Orc:1    | Killed an orc warlord
 25245 | Orc:1    | Gained mutation: You are partially covered in large bone
                  | plates. (SH +4) [Jiyva's grace]
 25251 | Orc:1    | Gained mutation: Your rubbery body absorbs attacks. (AC +1,
                  | EV +1) [Jiyva's grace]
 25257 | Orc:1    | Gained mutation: Your skin changes colour to match your
                  | surroundings (Stealth+). [Jiyva's grace]
 25260 | Orc:1    | Reached ****** piety under Jiyva
 25293 | Orc:1    | Lost mutation: You have a small jelly attached to you that
                  | may absorb incoming projectiles. [Jiyva's grace]
 25409 | Orc:1    | Found a transporter.
 25410 | Orc:1    | Noticed p0werm0de's ghost (journeyman DDFi)
 25424 | Orc:1    | Found a transporter.
 25630 | Orc:1    | Killed p0werm0de's ghost
 25650 | Orc:1    | Got a crude crystal amulet
 25969 | Orc:2    | Entered Level 2 of the Orcish Mines
 26000 | Orc:2    | Noticed Rupert
 26022 | Orc:2    | Slimified Rupert
 26022 | Orc:2    | Noticed Rupert
 26022 | Orc:2    | Rupert changed into Rupert the acid blob
 26211 | Orc:2    | Gained mutation: You possess an exceptional clarity of
                  | mind. [Jiyva's grace]
 26441 | Orc:2    | Gained mutation: You have acidic saliva. [Jiyva's grace]
 26528 | Orc:2    | Paralysed by an orc sorcerer for 2 turns
 26534 | Orc:2    | Paralysed by an orc sorcerer for 3 turns
 26566 | Orc:2    | Gained mutation: You have a small jelly attached to you
                  | that senses nearby items. [Jiyva's grace]
 26580 | Orc:2    | Gained mutation: Your flesh is heat resistant. (rF+)
                  | [Jiyva's grace]
 26672 | Orc:2    | Noticed Donald
 26676 | Orc:2    | Gained mutation: Your movements are slightly less
                  | encumbered by armour. (ER -2) [Jiyva's grace]
 26681 | Orc:2    | Slimified Donald
 26681 | Orc:2    | Noticed Donald
 26681 | Orc:2    | Donald changed into Donald the azure jelly
 26757 | Orc:2    | Lost mutation: Your skin changes colour to match your
                  | surroundings (Stealth+). [Jiyva's grace]
 26757 | Orc:2    | Gained mutation: Your translucent skin slightly reduces
                  | your foes' accuracy. (Stealth) [Jiyva's grace]
 26786 | Orc:2    | Found a staircase to the Elven Halls.
 26909 | Orc:2    | Found Aheadiff's Assorted Antiques.
 26909 | Orc:2    | Found Cilef's Magic Scroll Boutique.
 26910 | Orc:2    | Found Biofulif's Magic Scroll Shop.
 26913 | Orc:2    | Found Ofunixt's Magic Scroll Shop.
 27059 | Orc:2    | Bought a scroll of enchant weapon for 105 gold pieces
 27059 | Orc:2    | Bought a scroll of teleportation for 42 gold pieces
 27059 | Orc:2    | Bought a scroll of teleportation for 42 gold pieces
 27059 | Orc:2    | Bought a scroll of blinking for 105 gold pieces
 27059 | Orc:2    | Bought a scroll of enchant weapon for 105 gold pieces
 27061 | Orc:2    | Bought a scroll of blinking for 90 gold pieces
 27061 | Orc:2    | Bought a scroll of enchant weapon for 90 gold pieces
 27441 | Orc:2    | Gained mutation: Your translucent skin reduces your foes'
                  | accuracy. (Stealth) [Jiyva's grace]
 27726 | Slime:1  | Entered Level 1 of the Pits of Slime
 27726 | Slime:1  | Noticed an acid blob
 27729 | Slime:1  | Noticed an acid blob
 27752 | Slime:3  | Noticed an azure jelly
 27756 | Slime:3  | Noticed an acid blob
 27767 | Slime:5  | Entered Level 5 of the Pits of Slime
 27767 | Slime:5  | Noticed Dissolution
 27767 | Slime:5  | Noticed an acid blob
 27767 | Slime:5  | Noticed an azure jelly
 27768 | Slime:5  | Noticed an acid blob
 27770 | Slime:5  | Noticed an acid blob
 27770 | Slime:5  | Noticed an azure jelly
 27773 | Slime:5  | Gained mutation: Scrolls take you a little longer to read.
                  | [Jiyva's grace]
 27776 | Slime:5  | Gained mutation: You have a small jelly attached to you
                  | that may absorb incoming projectiles. [Jiyva's grace]
 27781 | Slime:5  | Gained mutation: Your mind is acute. (Int +2) [Jiyva's
                  | grace]
 27784 | Slime:5  | Noticed an acid blob
 27785 | Slime:5  | Found a viscous altar of Jiyva.
 27785 | Slime:5  | Noticed the Royal Jelly
 27786 | Slime:5  | Noticed an acid blob
 27787 | Slime:5  | Noticed an acid blob
 27788 | Slime:5  | Found the +3 hat of Pondering {ponderous, MR+ MP+10 Int+5}
 27790 | Slime:5  | Got a warped chain mail
 27790 | Slime:5  | Noticed an acid blob
 27793 | Slime:5  | Noticed an azure jelly
 27796 | Slime:5  | Lost mutation: You have a small jelly attached to you that
                  | senses nearby items. [Jiyva's grace]
 27810 | Slime:5  | Got a slimy rune of Zot
 27812 | Slime:5  | Got a vibrating zirconium amulet
 27833 | Slime:5  | Got a glittering turquoise ring
 27840 | Slime:5  | Identified Zucoc's Compendium of Shape Shifting and
                  | Bewitchment
 27849 | Slime:5  | Identified the cursed +1 chain mail of Hedge Wizardry
                  | {*Drain Regen+ MP+9} (You found it on level 5 of the Pits
                  | of Slime)
 27851 | Slime:5  | Identified the amulet of Fanaticism {+Blink rF+ Regen+}
                  | (You found it on level 1 of the Orcish Mines)
 27853 | Slime:5  | Identified the amulet of Xinos {Spirit rF+ MP-9 Dex+3 SInv}
                  | (You found it on level 5 of the Pits of Slime)
 27855 | Slime:5  | Identified the cursed ring of Midsummer {rF+ AC-4 Str+2
                  | Int+4 Dex+2} (You found it on level 5 of the Pits of Slime)
 27867 | Slime:5  | Noticed an azure jelly
 27872 | Slime:5  | Noticed an acid blob
 27900 | Slime:2  | Noticed an acid blob
 27903 | Slime:2  | Noticed an acid blob
 27904 | Slime:2  | Noticed an acid blob
 28226 | D:11     | Reached skill level 1 in Evocations
 28267 | D:11     | Noticed Nergalle
 28275 | D:11     | Killed Nergalle
 28288 | D:11     | Lost mutation: You have a small jelly attached to you that
                  | may absorb incoming projectiles. [Jiyva's grace]
 28598 | D:11     | Reached XP level 15. HP: 137/137 MP: 15/15
 29223 | D:12     | Gained mutation: You are partially covered in molten
                  | scales. (AC +2) [Jiyva's grace]
 29321 | D:12     | Gained mutation: Your body has grown golden eyes which may
                  | confuse attackers. (Acc +3) [Jiyva's grace]
 29440 | D:12     | Lost mutation: You are clumsy. (Dex -2) [Jiyva's grace]
 29697 | D:12     | Noticed Jorgrun
 29720 | D:12     | Killed Jorgrun
 29720 | D:12     | Reached skill level 5 in Evocations
 30040 | D:13     | Found a gate to the Vaults.
 30174 | D:13     | Lost mutation: You possess an exceptional clarity of mind.
                  | [Jiyva's grace]
 30460 | D:13     | Gained mutation: You have an increased reservoir of magic.
                  | (+10% MP) [Jiyva's grace]
 30474 | D:13     | Found a shadowy altar of Dithmenos.
 30855 | D:13     | Lost mutation: Scrolls take you a little longer to read.
                  | [Jiyva's grace]
 31235 | D:14     | Found Ugrunoot's Magic Scroll Shoppe.
 31306 | D:14     | Bought a scroll of acquirement for 884 gold pieces
 31370 | D:14     | Found an opulent altar of Gozag.
 31402 | D:14     | Found a shadowy altar of Dithmenos.
 31499 | D:14     | Lost mutation: Your rubbery body absorbs attacks. (AC +1,
                  | EV +1) [Jiyva's grace]
 31594 | D:15     | Entered Level 15 of the Dungeon
 31657 | D:15     | Found Xiyju's Weapon Emporium.
 31791 | D:15     | Gained mutation: You expend magic power (3 MP) to
                  | strengthen your wands. [Jiyva's grace]
 31899 | D:15     | Gained mutation: You have a small jelly attached to you
                  | that may absorb incoming projectiles. [Jiyva's grace]
 32011 | D:15     | Found a staircase to the Depths.
 32018 | D:15     | Noticed Agnes
 32078 | D:15     | Killed Agnes
 32293 | D:15     | Reached skill level 10 in Evocations
 32482 | D:15     | Lost mutation: You expend magic power (3 MP) to strengthen
                  | your wands. [Jiyva's grace]
 32774 | Spider:1 | Entered Level 1 of the Spider Nest
 33265 | Spider:2 | Identified Roxanne's Handbook of Transmigration
 33265 | Spider:2 | Noticed Roxanne
 33286 | Spider:2 | Killed Roxanne
 33286 | Spider:2 | Reached XP level 16. HP: 35/146 MP: 25/25
 33716 | Spider:2 | Gained mutation: Your spells are a little harder to cast,
                  | but a little more powerful. [Jiyva's grace]
 34205 | Spider:2 | Lost mutation: Your mind is acute. (Int +2) [Jiyva's grace]
 35132 | Spider:3 | Noticed Arachne
 35158 | Spider:3 | Killed Arachne
 35158 | Spider:3 | Reached skill level 15 in Armour
 35291 | Spider:3 | Gained mutation: You are agile. (Dex +2) [Jiyva's grace]
 35383 | Spider:3 | Noticed Aizul
 35397 | Spider:3 | Killed Aizul
 36524 | Spider:4 | Entered Level 4 of the Spider Nest
 37029 | Spider:3 | Gained mutation: Armour fits poorly on your pseudopods.
                  | [Jiyva's grace]
 37751 | Spider:4 | Reached skill level 15 in Fighting
 38728 | Spider:4 | Lost mutation: Your spells are a little harder to cast, but
                  | a little more powerful. [Jiyva's grace]
 39207 | Spider:4 | Reached XP level 17. HP: 89/156 MP: 9/26
 40246 | Spider:4 | Got a gossamer rune of Zot
 40473 | D:9      | Gained mutation: You can translocate small distances at
                  | will. [Jiyva's grace]
 40637 | Depths:1 | Entered Level 1 of the Depths
 40721 | Vaults:1 | Entered Level 1 of the Vaults
 40800 | Vaults:1 | Gained mutation: Your mind is acute. (Int +2) [Jiyva's
                  | grace]
 41062 | Vaults:1 | Lost mutation: You are agile. (Dex +2) [Jiyva's grace]
 41097 | Vaults:1 | Lost mutation: Your body has grown golden eyes which may
                  | confuse attackers. (Acc +3) [Jiyva's grace]
 41098 | Vaults:1 | Noticed Saint Roka
 41112 | Vaults:1 | Slimified Saint Roka
 41112 | Vaults:1 | Noticed Saint Roka
 41112 | Vaults:1 | Saint Roka changed into Saint Roka the acid blob
 41133 | Vaults:1 | Gained mutation: Your flesh is cold resistant. (rC+)
                  | [Jiyva's grace]
 41486 | Vaults:1 | Killed Saint Roka the acid blob
 41544 | Vaults:1 | Found a huge runed gate.
 41544 | Vaults:1 | Found a huge runed gate.
 41544 | Vaults:1 | Found a huge runed gate.
 41544 | Vaults:1 | Found a huge runed gate.
 41544 | Vaults:1 | Found a huge runed gate.
 41544 | Vaults:1 | Found a huge runed gate.
 41545 | Vaults:1 | Found a huge runed gate.
 41545 | Vaults:1 | Found a huge runed gate.
 41546 | Vaults:1 | Found a huge runed gate.
 41546 | Vaults:1 | Found a huge runed gate.
 41546 | Vaults:1 | Found a huge runed gate.
 41546 | Vaults:1 | Found a huge runed gate.
 41546 | Vaults:1 | Found a huge runed gate.
 41547 | Vaults:1 | Found a huge runed gate.
 41548 | Vaults:1 | Found a huge runed gate.
 41549 | Vaults:1 | Found a huge runed gate.
 41550 | Vaults:1 | Found a huge runed gate.
 41559 | Vaults:1 | Found a huge runed gate.
 41559 | Vaults:1 | Found a huge runed gate.
 41559 | Vaults:1 | Found a huge runed gate.
 41559 | Vaults:1 | Found a huge runed gate.
 41559 | Vaults:1 | Found a huge runed gate.
 41559 | Vaults:1 | Found a huge runed gate.
 41559 | Vaults:1 | Found a huge runed gate.
 41560 | Vaults:1 | Found a huge runed gate.
 41561 | Vaults:1 | Found a huge runed gate.
 41609 | Vaults:1 | Found a huge runed gate.
 41609 | Vaults:1 | Found a huge runed gate.
 41609 | Vaults:1 | Found a huge runed gate.
 41609 | Vaults:1 | Found a huge runed gate.
 41609 | Vaults:1 | Found a huge runed gate.
 41609 | Vaults:1 | Found a huge runed gate.
 41609 | Vaults:1 | Found a huge runed gate.
 41610 | Vaults:1 | Found a huge runed gate.
 41611 | Vaults:1 | Found a huge runed gate.
 41619 | Vaults:1 | Found a huge runed gate.
 41636 | Vaults:1 | Gained mutation: You evolve. [Jiyva's grace]
 41847 | Vaults:1 | HP: 1/157 [vault warden/+0 dire flail (19)]
 41877 | Vaults:1 | Noticed a Brimstone Fiend
 41895 | Vaults:1 | HP: 4/158 [hell knight/+4 vorpal war axe (14)]
 41895 | Vaults:1 | HP: 1/158 [hell knight/+4 vorpal war axe (3)]
 41895 | Vaults:1 | Mangled by a hell knight

Illustrated notes

Levels and vault maps discovered:
D:1:      dpeg_arrival_boxes_within_box, layout_basic
D:2:      layout_loops_corners, old_standard_altar,
          gammafunk_temple_overflow_arena, hangedman_decor_points,
          uniq_crazy_yiuf_cottage
D:3:      kennysheep_goblin_castle, layout_rooms,
          chequers_temple_overflow_statue_of_worship, elyvilon_altar_3,
          first_ration, chequers_hall_statues_corner_a,
          nicolae_gozag_seed_capital
D:4:      layout_gridville, evilmike_ruin_ashenzari, lemuel_doored_altar
D:5:      layout_basic, lemuel_round_altar, serial_shops, kennysheep_mini,
          serial_undead, serial_undead_b, serial_undead_f, serial_undead_c,
          serial_undead_a, serial_undead_d, serial_undead_b, minmay_diced_spiral
D:6:      layout_basic, kennysheep_little_box, gup_sewer_entry_spiral,
          uniq_grinder
D:7:      layout_basic, gammafunk_temple_overflow_elements,
          minmay_temple_entry_tees, nicolae_ossuary_entry_giza,
          dk_rats_in_the_wall
D:8:      layout_gridville, eat_drink_and_be_merry_uskayaw, the_bakery,
          uniq_harold, uniq_grum
D:9:      layout_grid_maze, lair_entry_dummy
D:10:     layout_gridville, david_orc_5, uniq_josephine
D:11:     layout_grid_maze, uniq_nergalle
D:12:     layout_long_grid, uniq_jorgrun
D:13:     layout_gridville, erik_vaults_1, nicolae_dithmenos_the_darkroom
D:14:     layout_basic, lemuel_crystal_altar, serial_shops, shop_fountains,
          lemuel_oklob_altar
D:15:     gammafunk_depths_entry_grave, layout_basic, serial_shops,
          nicolae_shop_waterfront, uniq_agnes
Lair:1:   layout_layer_cave, minmay_lair_oklob_chamber
Lair:2:   gammafunk_lair_enchanted_lake, layout_misc_corridors,
          elwin_shoals_entry_rocks, serial_bayou_shore_b, uniq_erica
Lair:3:   layout_cave_pods, spider_nest_entry_webs, beast_lair_carwin_6
Lair:4:   layout_misc_corridors, special_room [special_room_mythical_zoo],
          zaba_anthell
Lair:5:   layout_loops_ring, gauntlet_entry_generic, minmay_holes
Lair:6:   wormcave, layout_concentric_octagons, dpeg_slime_entry_enclosed_altar,
          eino_small_chamber_without_monster, uniq_snorg
Spider:1: layout_spider_delve, nicolae_spider_webbed_stairs
Spider:2: layout_spider_delve, uniq_roxanne
Spider:3: layout_chambers, drop_trap, hangedman_stitches_earthworm,
          nicolae_spider_cling_halls, uniq_aizul, uniq_arachne
Spider:4: floodkiller_spider_rune_tomb, drop_trap
Slime:1:  layout_caves
Slime:2:  layout_caves
Slime:3:  layout_caves
Slime:4:  cheibrodos_slime_lost_civilization_3, layout_caves
Slime:5:  uniq_dissolution
Orc:1:    layout_caves, gammafunk_ghost_berserking_beasts
Orc:2:    st_orc_mages, layout_diamond_mine, uniq_rupert, uniq_donald
Vaults:1: nicolae_vaults_what_the_h, nicolae_vaults_big_angled_halls, v_misc_31,
          v_misc_22, ontoclasm_vaults_idyll, vaults_not_door_vault_due,
          ontoclasm_vaults_chip, nicolae_vaults_bisected_slash,
          vaults_dpeg_ring, layout_vaults_quadrants, serial_shops,
          nicolae_shop_temple_entry_statues_fountains, uniq_saint_roka
Depths:1: layout_roguey, grunt_metal_band, abyss_entry, kennysheep_boxes,
          kennysheep_generic_room_2

Skill      XL: |  1  2  3  4  5  6  7  8  9 10 11 12 13 14 15 16 17 |
---------------+----------------------------------------------------+-----
Armour         | 4 5 6 7 8 10 11 12 14 15 16 | 16.5
Shields        | 4 5 7 8 10 11 13 14 16 18 19 | 19.2
Fighting       | 4 5 6 7 8 9 10 12 14 15 | 15.8
Long Blades    | 3 4 5 6 8 10 12 14 15 16 17 18 19 | 19.4
Evocations     | 2 10 11 | 11.9
Short Blades   | |  0.3

Action                   |  1- 3 |  4- 6 |  7- 9 | 10-12 | 13-15 | 16-18 || total
-------------------------+-------+-------+-------+-------+-------+-------++-------
Melee: Long sword        |    68 |    39 |       |       |       |       ||   107
       Headbutt          |     6 |    25 |    89 |   133 |   396 |   194 ||   843
       Scimitar          |       |   135 |   486 |   585 |  1630 |   878 ||  3714
       Short sword       |       |       |       |     9 |       |       ||     9
       Bite              |       |       |       |       |    84 |   137 ||   221
       Pseudopods        |       |       |       |       |       |   130 ||   130
Invok: Request Jelly     |       |       |       |       |     3 |     1 ||     4
       Slimify           |       |       |       |       |     2 |     2 ||     4
 Abil: Evoke Flight      |       |       |       |       |       |     1 ||     1
Evoke: Wand              |       |       |       |       |       |     6 ||     6
  Use: Potion            |       |     1 |     1 |    10 |     6 |     8 ||    26
       Scroll            |       |     6 |    14 |     6 |    17 |     6 ||    49
 Stab: Invisible         |       |       |       |       |     3 |     2 ||     5
       Confused          |       |       |       |       |     8 |     7 ||    15
       Distracted        |       |       |       |       |     3 |     1 ||     4
  Eat: Chunk             |     1 |    11 |    11 |    18 |    14 |       ||    55
       Ration            |       |       |     2 |     2 |     3 |       ||     7
Armor: Scale mail        |    25 |    78 |     2 |       |       |       ||   105
       Chain mail        |       |       |   155 |   150 |    76 |       ||   381
       Plate armour      |       |       |       |       |   412 |   306 ||   718
Dodge: Dodged            |    15 |    36 |    94 |   154 |   311 |   225 ||   835
Block: Kite shield       |    41 |   110 |   290 |   501 |  1437 |   915 ||  3294
       Reflection        |       |       |     2 |    12 |    35 |       ||    49
       Rpst.: Long sword |     3 |     1 |       |       |       |       ||     4
       Scimitar          |       |     7 |    25 |    43 |    60 |    52 ||   187
